 Dungeon Crawl Stone Soup version 0.23.2 (webtiles) character file.

Game seed: 11877006498428814703

558 Borgoz the Cutter (level 7, -1/42 HPs)
             Began as a Kobold Gladiator on Apr 11, 2019.
             Slain by a sky beast (6 damage)
             ... on level 5 of the Dungeon.
             The game lasted 00:08:50 (2832 turns).

Borgoz the Cutter (Kobold Gladiator)                Turns: 2832, Time: 00:08:52

Health: -1/42      AC:  7    Str: 14    XL:     7   Next: 56%
Magic:  8/9        EV: 16    Int:  9    God:
Gold:   172        SH:  0    Dex: 16    Spells: 5/8 levels left

rFire    . . .     SeeInvis .   t - +2 dagger (venom)
rCold    . . .     Gourm    .   (shield restricted)
rNeg     . . .     Faith    .   h - +0 ring mail {rPois}
rPois    +         Spirit   .   c - +0 helmet
rElec    .         Reflect  .   (no cloak)
rCorr    .         Harm     .   (no gloves)
MR       .....                  q - +0 pair of boots
Stlth    ++........             (no amulet)
HPRegen  0.14/turn              e - ring of poison resistance
MPRegen  0.11/turn              (no ring)

@: no status effects
A: small, carnivore
a: no special abilities


You were on level 5 of the Dungeon.
You were very full.

You visited 1 branch of the dungeon, and saw 5 of its levels.

You collected 172 gold pieces.

Inventory:

Hand Weapons
 a - a +0 rapier
 t - a +2 dagger of venom (weapon)
Missiles
 d - 2 throwing nets (quivered)
Armour
 c - a +0 helmet (worn)
 h - a +0 ring mail of poison resistance (worn)
 q - a +0 pair of boots (worn)
Jewellery
 e - a ring of poison resistance (left hand)
 r - an uncursed amulet of magic regeneration
Wands
 b - a wand of flame (16)
 m - a wand of paralysis (10)
 n - a wand of digging (4)
Scrolls
 i - 3 scrolls of amnesia {unknown}
 j - a scroll of fear
 k - 2 scrolls of enchant weapon
 l - 4 scrolls of remove curse
 o - a scroll of immolation {unknown}
Potions
 g - a potion of curing
 s - 2 potions of might
 u - a potion of haste
 v - 2 potions of flight {unknown}
 w - a potion of heal wounds {unknown}
 x - a potion of cancellation
Comestibles
 f - 9 rations


   Skills:
 + Level 3.9 Fighting
 + Level 5.7 Short Blades
 - Level 2.2 Throwing
 + Level 2.2 Armour
 + Level 5.2 Dodging
 + Level 4.2 Stealth
 + Level 1.3 Spellcasting
 + Level 1.1 Hexes
 + Level 1.6 Evocations


You had 5 spell levels left.
You knew the following spells:

 Your Spells              Type           Power        Failure   Level  Hunger
a - Confusing Touch       Hex            #.....       41%         1    ##.....
b - Blink                 Tloc           N/A          71%         2    ###....

Your spell library contained the following spells:

 Spells                   Type           Power        Failure   Level  Hunger
 Magic Dart               Conj           #...         56%         1    ##.....
 Slow                     Hex            #.......     56%         2    ###....
 Call Imp                 Summ           #.......     71%         2    ###....
 Confuse                  Hex            #.......     80%         3    ####...
 Conjure Flame            Conj/Fire      #.......     91%         3    ####...
 Gell's Gravitas          Tloc           #.........   91%         3    ####...
 Mephitic Cloud           Conj/Pois/Air  #.......     91%         3    ####...
 Petrify                  Tmut/Erth      #.......     100%        4    #####..
 Metabolic Englaciation   Hex/Ice        #.........   100%        5    ######.
 Yara's Violent Unravell  Hex/Tmut       #.........   100%        5    ######.


Dungeon Overview and Level Annotations

Branches:
Dungeon (5/15)
 Temple: D:4-7

Altars:


Innate Abilities, Weirdness & Mutations

You are small and have problems with some larger weapons.
You are carnivorous and can eat meat at any time.


Message History

You kill the centaur!
Your Hexes skill increases to level 1!
The sky beast closely misses you.
You barely miss the sky beast.
The sky beast is lightly wounded.
The sky beast hits you but does no damage.
You hit the sky beast.
The sky beast looks even sicker.
The sky beast is moderately wounded.
You barely miss the sky beast.
The sky beast is heavily wounded.
The sky beast hits you. The sky beast shocks you.
* * * LOW HITPOINT WARNING * * *
You completely miss the sky beast.
The sky beast is heavily wounded.
The sky beast flickers out of sight!
Deactivating autopickup; reactivate with Ctrl-A.
Something hits you.
* * * LOW HITPOINT WARNING * * *
Something shocks you.
You die...

######## #.....?#
#......####
#######.........#
#.....#.........#
#...@{######./..#####
#...).(..............
###>.........†...###
##.....###.....(#
#.....# ######.#
#.....# #.##
#....#########..##
#............)...#
##+##....######..#


There were no monsters in sight!

Vanquished Creatures
  2 centaurs
  A bullfrog (D:4)
  A scorpion (D:4)
  An orc priest (D:3)
  Jessica (D:3)
  Terence (D:1)
  An iguana (D:4)
  2 worker ants (D:4)
  4 adders
  An ooze (D:3)
  2 adder skeletons (D:4)
  4 dart slugs
  4 leopard geckos
  16 orcs
  A giant cockroach (D:2)
  4 goblins
  5 hobgoblins
  7 kobolds
  A quokka (D:4)
  2 ball pythons
  7 bats
  10 frilled lizards
  7 rats
85 creatures vanquished.

Notes
Turn   | Place    | Note
-------+----------+-------------------------------------------
     0 | D:1      | Borgoz the Kobold Gladiator began the quest for the Orb.
     0 | D:1      | Reached XP level 1. HP: 12/12 MP: 1/1
   173 | D:1      | Reached XP level 2. HP: 15/17 MP: 2/2
   379 | D:1      | Reached skill level 1 in Stealth
   423 | D:1      | Reached XP level 3. HP: 22/22 MP: 3/3
   700 | D:2      | Noticed Terence
   725 | D:1      | Killed Terence
   725 | D:1      | Reached XP level 4. HP: 10/27 MP: 4/4
   939 | D:2      | Reached skill level 1 in Armour
  1310 | D:3      | Reached XP level 5. HP: 32/32 MP: 5/5
  1495 | D:3      | Reached skill level 5 in Short Blades
  1524 | D:3      | Noticed Jessica
  1531 | D:3      | Killed Jessica
  2155 | D:4      | Reached XP level 6. HP: 37/37 MP: 6/6
  2224 | D:4      | Learned a level 1 spell: Confusing Touch
  2286 | D:4      | Reached skill level 5 in Dodging
  2416 | D:4      | Reached XP level 7. HP: 42/42 MP: 7/7
  2424 | D:4      | Reached skill level 1 in Spellcasting
  2424 | D:4      | Reached skill level 1 in Evocations
  2759 | D:5      | Entered Level 5 of the Dungeon
  2775 | D:5      | Learned a level 2 spell: Blink
  2828 | D:5      | Reached skill level 1 in Hexes
  2832 | D:5      | Slain by a sky beast

Skill      XL: |  1  2  3  4  5  6  7 |
---------------+----------------------+-----
Dodging        | 4 5 |  5.2
Stealth        | 1 2 3 4 |  4.2
Armour         | 1 2 |  2.2
Fighting       | 3 |  3.9
Short Blades   | 5 |  5.7
Spellcasting   | 1 |  1.3
Evocations     | 1 |  1.6
Hexes          | 1 |  1.1
Throwing       | |  2.2

Action                   |  1- 3 |  4- 6 |  7- 9 || total
-------------------------+-------+-------+-------++-------
Melee: Rapier            |    91 |    35 |       ||   126
       Dagger            |       |   121 |    30 ||   151
Throw: Throwing net      |     1 |     1 |       ||     2
  Use: Scroll            |       |     6 |       ||     6
       Potion            |       |     2 |     1 ||     3
 Stab: Held in net/web   |     1 |       |       ||     1
       Sleeping          |       |     7 |     4 ||    11
       Distracted        |       |     1 |     1 ||     2
  Eat: Chunk             |     6 |     7 |     1 ||    14
Armor: Leather armour    |    20 |    12 |       ||    32
       Ring mail         |       |     4 |     6 ||    10
Dodge: Dodged            |    87 |   107 |    19 ||   213
